 Dungeon Crawl Stone Soup version 0.19.6-3-g7d5932f76a (webtiles) character file.

489 GordonOverkill the Chopper (level 6, -5/66 HPs)
             Began as a High Elf Berserker on Dec 13, 2021.
             Was a Believer of Trog.
             Slain by an orc warrior
             ... wielding a +0 long sword
              (12 damage)
             ... on level 5 of the Dungeon.
             The game lasted 00:07:52 (5693 turns).

GordonOverkill the Chopper (High Elf Berserker)     Turns: 5693, Time: 00:07:53

Health: -5/66      AC: 10    Str: 23    XL:     6   Next: 90%
Magic:  7/7        EV: 10    Int: 15    God:    Trog [**....]
Gold:   147        SH:  0    Dex: 14    Spells: 0 memorised, 5 levels left

rFire  . . .     SeeInvis .     a - +0 hand axe
rCold  . . .     Gourm    .     D - +0 chain mail
rNeg   . . .     Faith    .     (no shield)
rPois  .         Spirit   .     (no helmet)
rElec  .         Reflect  .     z - +0 cloak
rCorr  .         Harm     .     (no gloves)
MR     +....                    (no boots)
Stlth  ..........               (no amulet)
                                m - +3 ring of intelligence
                                d - ring of protection from magic

@: berserking (expiring), very quick
A: no striking features
a: Berserk, Trog's Hand, Burn Spellbooks, Renounce Religion


You were on level 5 of the Dungeon.
You worshipped Trog.
Trog was pleased with you.
You were hungry.

You visited 1 branch of the dungeon, and saw 5 of its levels.

You collected 147 gold pieces.

Inventory:

Hand Weapons
 a - a +0 hand axe (weapon)
Missiles
 C - 9 poisoned needles
Armour
 z - a +0 cloak (worn)
 D - a +0 chain mail (worn)
Jewellery
 d - a ring of protection from magic (left hand)
 m - a +3 ring of intelligence (right hand)
Wands
 r - a wand of random effects (24/48)
 y - a wand of acid (3/15)
 E - a wand of acid (5/15)
Scrolls
 b - a scroll of noise {unknown}
 e - 2 scrolls of remove curse {unknown}
 g - 2 scrolls of immolation {unknown}
 h - 2 scrolls of identify {unknown}
 l - 2 scrolls of teleportation {unknown}
 n - 2 scrolls of magic mapping {unknown}
 t - 3 scrolls of recharging {unknown}
 u - 2 scrolls of amnesia {unknown}
 v - a scroll of blinking {unknown}
 w - a scroll of enchant armour {unknown}
 A - 2 scrolls of random uselessness {unknown}
Potions
 f - 3 potions of degeneration {unknown}
 i - a potion of haste {unknown}
 j - a potion of flight {unknown}
 k - a potion of ambrosia {unknown}
 o - 3 potions of might {unknown}
 q - 2 potions of brilliance {unknown}
 x - 2 potions of curing {unknown}
Comestibles
 c - 4 bread rations
 p - a meat ration
 s - a royal jelly
 B - a chunk of flesh


   Skills:
 + Level 4.4 Fighting
 * Level 4.6 Axes
 + Level 3.1 Armour
 - Level 3.7 Dodging
 + Level 1.3 Evocations


You had 5 spell levels left.
You didn't know any spells.

Dungeon Overview and Level Annotations

Branches:
Dungeon (5/15)
 Temple: D:4-7

Altars:
Qazlal


Message History

You kill the orc priest!
Trog accepts your kill.
You hit the orc warrior.
You hit the orc warrior but do no damage.
The orc warrior is moderately wounded.
The orc warrior hits you with a long sword.
* * * LOW HITPOINT WARNING * * *
You hit the orc warrior.
The orc warrior is moderately wounded.
You hit the orc warrior but do no damage.
The orc warrior is moderately wounded.
Your chain mail prevents you from hitting the orc.
You closely miss the orc warrior.
The orc warrior hits you with a long sword!
* * * LOW HITPOINT WARNING * * *
You slash the orc warrior!
The orc warrior is severely wounded.
You hit the orc. The orc closely misses you.
The orc warrior hits you with a long sword!
You die...

♣..⌠..♣##.#.....######
♣.....♣#.......##
♣⌠..)⌠.'........##
♣.....♣#.........## o
♣..⌠..♣#...#......## ..
♣♣♣♣♣♣♣#...........#
..<#### ###......###..##
..o.... ##.......## ##..##
.......##@........#####..#
........oo......^..##.....
.........#................
....#.....................
... ##.......#.........##.
. #.................###.
...............#..## #.
................##.####.
................##..##..


You could see an orc warrior and an orc.

Vanquished Creatures
  An ice beast (D:5)
  A water moccasin skeleton (D:4)
  A bullfrog zombie (D:5)
  A hound (D:4)
  2 orc priests
  An iguana (D:4)
  2 worker ants
  3 gnolls (D:2)
  2 adders
  3 oozes
  2 worms
  2 dart slugs
  A leopard gecko (D:2)
  5 orcs
  3 giant cockroaches
  11 goblins
  7 hobgoblins
  8 jackals
  A quokka (D:4)
  2 ball pythons
  5 bats
  4 frilled lizards
  10 kobolds
  9 rats
87 creatures vanquished.

Notes
Turn   | Place    | Note
-------+----------+-------------------------------------------
     0 | D:1      | GordonOverkill the High Elf Berserker began the quest for the Orb.
     0 | D:1      | Reached XP level 1. HP: 16/16 MP: 2/2
   526 | D:1      | Reached XP level 2. HP: 21/21 MP: 3/3
  1391 | D:2      | Reached XP level 3. HP: 24/26 MP: 4/4
  2133 | D:2      | Reached XP level 4. HP: 17/31 MP: 5/5
  2576 | D:2      | Reached ** piety under Trog
  3625 | D:3      | Reached XP level 5. HP: 33/36 MP: 6/6
  4830 | D:4      | Reached XP level 6. HP: 25/43 MP: 7/7
  5163 | D:5      | Entered Level 5 of the Dungeon
  5255 | D:5      | Found a stormy altar of Qazlal.
  5389 | D:5      | Noticed an ice beast
  5401 | D:5      | Killed an ice beast
  5401 | D:5      | Reached skill level 1 in Evocations
  5672 | D:5      | Noticed an orc warrior
  5693 | D:5      | Slain by an orc warrior

Skill      XL: |  1  2  3  4  5  6 |
---------------+-------------------+-----
Dodging        | 3 |  3.7
Armour         | 2 3 |  3.1
Axes           | 3 4 |  4.6
Fighting       | 4 |  4.4
Evocations     | 1 |  1.3

Action                   |  1- 3 |  4- 6 || total
-------------------------+-------+-------++-------
Melee: Hand axe          |    95 |   212 ||   307
Invok: Berserk           |     6 |    10 ||    16
 Stab: Sleeping          |     1 |       ||     1
  Eat: Chunk             |     8 |    20 ||    28
       Pizza             |       |     1 ||     1
Armor: Animal skin       |     5 |     4 ||     9
       Ring mail         |       |    29 ||    29
       Chain mail        |       |    35 ||    35
Dodge: Dodged            |    54 |   116 ||   170
